 Dungeon Crawl Stone Soup version 0.28-a0-657-g71136c5590 (webtiles) character file.

Game seed: 14447353738304424008

100 pokeman the Magician (level 4, 0/37 HPs)
             Began as a Deep Elf Hedge Wizard on Oct 13, 2021.
             Killed from afar by a dart slug (2 damage)
             ... with a slug dart
             ... on level 2 of the Dungeon.
             The game lasted 00:03:39 (1879 turns).

pokeman the Magician (Deep Elf Hedge Wizard)        Turns: 1879, Time: 00:03:40

Health: 0/37       AC:  2    Str:  7    XL:     4   Next: 47%
Magic:  0/13       EV: 12    Int: 20    God:
Gold:   43         SH:  0    Dex: 14    Spells: 3/14 levels left

rFire   . . .      SeeInvis .   e - staff of earth
rCold   . . .      Faith    .   (no shield)
rNeg    . . .      Spirit   .   b - +0 robe
rPois   .          Reflect  .   c - +0 hat
rElec   .          Harm     .   (no cloak)
rCorr   .          Rampage  .   (no gloves)
Will    .....                   (no boots)
Stlth   ..........              (no amulet)
HPRegen 0.12/turn               (no ring)
MPRegen 0.13/turn               (no ring)

@: berserking, lethally poisoned (0 -> -2), very quick
A: no striking features
a: no special abilities


You were on level 2 of the Dungeon.
You visited 1 branch of the dungeon, and saw 2 of its levels.

You collected 43 gold pieces.

Inventory:

Missiles
 g - 38 arrows
Armour
 b - a +0 robe (worn)
 c - a +0 hat (worn)
Magical Staves
 e - a staff of earth (weapon)
Scrolls
 d - a scroll of fog {unknown}
 f - 2 scrolls of identify {unknown}
Potions
 h - a potion of mutation {unknown}


   Skills:
 - Level 1.0 Fighting
 - Level 1.0 Armour
 + Level 2.7 Dodging
 - Level 2.4 Stealth
 * Level 5.7 Spellcasting
 + Level 2.2 Conjurations
 - Level 1.1 Summonings
 - Level 1.1 Translocations
 + Level 0.9 Fire Magic


You had 3 spell levels left.
You knew the following spells:

 Your Spells              Type           Power      Damage    Failure   Level
a - Magic Dart            Conj           56%        1d5       4%          1
b - Mephitic Cloud        Conj/Pois/Air  8%         N/A       24%         3
c - Call Imp              Summ           10%        N/A       11%         2
d - Blink                 Tloc           N/A        N/A       11%         2
e - Conjure Flame         Conj/Fire      12%        6-21      17%         3

Your spell library contained the following spells:

 Spells                   Type           Power      Damage    Failure   Level
 Slow                     Hex            5%         N/A       16%         2
 Gell's Gravitas          Tloc           5%         N/A       21%         3
 Lesser Beckoning         Tloc           10%        N/A       21%         3
 Teleport Other           Tloc           10%        N/A       21%         3


Dungeon Overview and Level Annotations

Branches:
Dungeon (2/15)

Altars:


Message History

Press: ? - help, Shift-Dir - straight line, f/p - adder
Aim: an adder (heavily wounded, 100% to hit)
The magic dart hits the adder.
The adder is severely wounded.
The adder bites you.
You are poisoned.
The adder poisons you! The dart slug closely misses you.
Casting: Magic Dart (safe; 4% risk of failure)
Confirm with . or Enter, or press ? or * to list all spells.
Aiming: Magic Dart (safe; 4% risk of failure)
Press: ? - help, Shift-Dir - straight line, f/p - adder
Aim: an adder (severely wounded, 100% to hit)
The magic dart hits the adder.
The adder is almost dead.
You feel sick. The adder barely misses you.
The dart slug launches a dart at you. The slug dart hits you.
* * * LOW HITPOINT WARNING * * *
Casting: Magic Dart (safe; 4% risk of failure)
Confirm with . or Enter, or press ? or * to list all spells.
Aiming: Magic Dart (safe; 4% risk of failure)
Press: ? - help, Shift-Dir - straight line, f/p - adder
Aim: an adder (almost dead, 100% to hit)
The magic dart hits the adder.
You kill the adder!
* * * LOW HITPOINT WARNING * * *
You feel sick.
Unknown command.
It was a potion of berserk rage.
A red film seems to cover your vision as you go berserk!
You feel yourself moving faster!
You feel mighty!
* * * LOW HITPOINT WARNING * * *
You feel sick. The dart slug misses you.
You are too berserk!
You feel a strong urge to attack something.
* * * LOW HITPOINT WARNING * * *
You feel sick. The dart slug launches a dart at you. The slug dart hits you.
You die...

..#.## #.#...
#.#.. #.#..
#.#.#### #
#.#....#### #.
#.#.......###
###.##....w......#
#......#.@.†......
#####..#.###.####.
#...#..#.# ..
#.#.#..#.# ..#
###.#.#.)#.# .#
##..)#.#..#.. ..
#......#..#.. .
#......#..#..
#.........#


You could see a dart slug.

Vanquished Creatures
  Natasha (D:2)
  An adder (D:2)
  4 gnolls
  A dart slug (D:2)
  3 ball pythons
  2 bats (D:1)
  2 endoplasms (D:1)
  A giant cockroach (D:1)
  4 goblins (D:1)
  3 hobgoblins
  A quokka (D:2)
  2 frilled lizards
  A kobold (D:1)
  2 rats
28 creatures vanquished.

Notes
Turn   | Place    | Note
-------+----------+-------------------------------------------
     0 | D:1      | pokeman the Deep Elf Hedge Wizard began the quest for the
                  | Orb.
     0 | D:1      | Reached XP level 1. HP: 10/10 MP: 7/7
   214 | D:1      | Reached XP level 2. HP: 7/16 MP: 4/9
  1223 | D:2      | Reached skill level 5 in Spellcasting
  1279 | D:2      | Reached XP level 3. HP: 20/20 MP: 3/11
  1486 | D:1      | Learned a level 3 spell: Mephitic Cloud
  1489 | D:1      | Learned a level 2 spell: Call Imp
  1492 | D:1      | Learned a level 2 spell: Blink
  1496 | D:1      | Learned a level 3 spell: Conjure Flame
  1613 | D:2      | Reached skill level 1 in Fighting
  1613 | D:2      | Reached skill level 1 in Armour
  1752 | D:2      | Noticed Natasha
  1762 | D:2      | Killed Natasha
  1763 | D:2      | Reached XP level 4. HP: 25/25 MP: 3/13
  1879 | D:2      | Killed from afar by a dart slug

Illustrated notes

Levels and vault maps discovered:
D:1:      onia_arrival_pyramid, layout_rooms, minivault_14, minmay_pentomino_q2
D:2:      minmay_recursive_quarters, layout_basic, uniq_natasha, uniq_jessica,
          uniq_robin, uniq_terence

Skill      XL: |  1  2  3 |
---------------+----------+-----
Spellcasting   | 5 |  5.7
Fighting       | 1 |  1.0
Armour         | 1 |  1.0
Conjurations   | 2 |  2.2
Dodging        | |  2.7
Stealth        | |  2.4
Summonings     | |  1.1
Translocations | |  1.1
Fire Magic     | |  0.9

Action                   |  1- 3 |  4- 6 || total
-------------------------+-------+-------++-------
Melee: Staff             |     8 |       ||     8
 Cast: Magic Dart        |    89 |    15 ||   104
       Mephitic Cloud    |     1 |       ||     1
  Use: Potion            |       |     1 ||     1
Armor: Robe              |     5 |     1 ||     6
Dodge: Dodged            |    20 |     6 ||    26

Table legend: (Time is in decaauts)
 A = Elapsed time spent in this place.
 B = Non-inter-level travel time spent in this place.
 C = Inter-level travel time spent in this place.
 D = Time resting spent in this place.
 E = Time spent auto-exploring this place.
 F = Levels seen in this place.
 G = Mean time per level.
                   A        B        C        D        E       F      G
               +--------+--------+--------+--------+--------+-----+--------+
         Total |   1880 |   1857 |     23 |    235 |   1199 |   2 |  940.0 |
       Dungeon |   1880 |   1857 |     23 |    235 |   1199 |   2 |  940.0 |
               +--------+--------+--------+--------+--------+-----+--------+

Top non-repeatable levels by time:
     D:1: 1440 daAuts
     D:2: 440 daAuts
